 Dungeon Crawl Stone Soup version 0.30-a0-297-g0ec75d9ef4 (webtiles) character file.

Game seed: 10216220768763152665

2127 MewnPig the Basher (level 9, -20/75 HPs)
             Began as a Minotaur Fighter on Oct 20, 2022.
             Was an Initiate of Nemelex Xobeh.
             Demolished by a two-headed ogre
             ... wielding a +0 giant spiked club
             ... created by the rage of Trog
              (24 damage)
             ... on level 7 of the Dungeon.
             The game lasted 00:43:12 (6324 turns).

MewnPig the Basher (Minotaur Fighter)               Turns: 6324, Time: 00:43:13

Health: -20/75     AC: 14    Str: 26    XL:     9   Next: 8%
Magic:  8/8        EV: 11    Int:  5    God:    Nemelex Xobeh [......]
Gold:   382        SH:  7    Dex:  9    Spells: 8/8 levels left

rFire   . . .      SeeInvis .    a - +0 flail (flame)
rCold   . . .      Faith    .    l - +2 buckler
rNeg    . . .      Spirit   .    f - +0 plate armour
rPois   +          Reflect  .    (helmet restricted)
rElec   .          Harm     .    o - +0 cloak
rCorr   .          Rampage  .    (no gloves)
Will    .....                    (no boots)
Stlth   ..........               (no amulet)
HPRegen 0.32/turn                B - ring of poison resistance
MPRegen 0.11/turn                E - +4 ring of evasion

@: mighty, unable to read
A: horns 2, retaliatory headbutt, talons 1, subdued magic 1, inability to read
after injury 1
a: Renounce Religion, Draw Escape, Draw Destruction, Draw Summoning


You were on level 7 of the Dungeon.
You worshipped Nemelex Xobeh.
Nemelex Xobeh was noncommittal.
You visited 2 branches of the dungeon, and saw 8 of its levels.

You collected 382 gold pieces.

Inventory:

Hand Weapons
 a - a +0 flail of flaming (weapon)
 y - a +1 whip of flaming
 z - a +2 quarterstaff of chaos
Missiles
 n - 3 silver javelins (quivered)
 u - 4 atropa-tipped darts
 A - 2 datura-tipped darts
 P - 5 javelins
Armour
 b - a +0 scale mail
 c - a +0 buckler
 f - a +0 plate armour (worn)
 l - a +2 buckler (worn)
 o - a +0 cloak (worn)
 w - a +2 leather armour of cold resistance
 D - the +1 ring mail of the Living God {rPois rN+}
   (You found it on level 5 of the Dungeon)

   rPois:     It protects you from poison.
   rN:        It protects you from negative energy.
 K - an orb of guile
Jewellery
 q - a ring of flight
 B - a ring of poison resistance (left hand)
 E - a +4 ring of evasion (right hand)
 J - a ring of magical power
 N - a ring of see invisible
 O - an amulet of regeneration
Wands
 x - a wand of charming (11)
 M - a wand of digging (9)
Scrolls
 j - 7 scrolls of teleportation
 m - 3 scrolls of amnesia
 r - a scroll of fear
 s - 3 scrolls of summoning
 t - 4 scrolls of butterflies {unknown}
 C - a scroll of noise {unknown}
 G - a scroll of brand weapon
 L - a scroll of poison {unknown}
Potions
 d - 3 potions of might
 e - a potion of attraction {unknown}
 g - 4 potions of heal wounds
 h - 5 potions of curing
 i - 3 potions of brilliance {unknown}
 k - a potion of resistance {unknown}
 p - 3 potions of degeneration {unknown}
 v - 3 potions of flight {unknown}
 F - 2 potions of cancellation {unknown}
 H - a potion of magic {unknown}
 I - a potion of experience {unknown}
 Q - a potion of mutation


   Skills:
 + Level 6.0 Fighting
 + Level 4.6(7.4) Axes
 * Level 8.9(9.4) Maces & Flails
 + Level 0.7 Throwing
 + Level 7.6 Armour
 + Level 1.0 Dodging
 + Level 0.7 Stealth
 + Level 6.8 Shields


You had 8 spell levels left.
You didn't know any spells.
Your spell library contained the following spells:

 Spells                   Type           Power      Damage    Failure   Level
 Gell's Gravitas          Tloc           0%         N/A       100%        3
 Portal Projectile        Hex/Tloc       0%         N/A       100%        3
 Teleport Other           Tloc           0%         N/A       100%        3
 Tukima's Dance           Hex            0%         N/A       100%        3
 Blade Hands              Tmut           0%         N/A       100%        5
 Dispersal                Tloc           0%         N/A       100%        6


Dungeon Overview and Level Annotations

Branches:
Dungeon (7/15)             Temple (1/1) D:6

Altars:
Dithmenos
Elyvilon
Fedhas
Hepliaklqana
Makhleb
Nemelex Xobeh
Okawaru
Qazlal
Ru
Sif Muna
Trog
Uskayaw
Xom
Yredelemnul
Zin
The Shining One

Shops:
D:1 (


Innate Abilities, Weirdness & Mutations

You have a pair of horns on your head.
You reflexively headbutt those who attack you in melee.
You have sharp toenails.
Your spells are a little easier to cast, but a little less powerful.
You occasionally lose the ability to read scrolls when taking damage.


Message History

You sock the sky beast! You burn the sky beast.
You kill the sky beast!
Trog sends monsters to punish you.
Your Fighting skill increases to level 6!
An ogre, a two-headed ogre, a black bear and a polar bear come into view.
You sock the black bear! You burn the black bear.
Your kick misses the black bear.
The black bear is heavily wounded.
You sock the black bear! You burn the black bear.
The black bear is severely wounded.
The black bear bites you. The black bear completely misses you.
The black bear claws you. The polar bear closely misses you.
You furiously retaliate!
You headbutt the polar bear! The polar bear claws you.
The polar bear claws you but does no damage.
You hit the black bear but do no damage.
You claw the black bear.
The black bear is severely wounded.
You block the ogre's attack. The black bear bites you.
The black bear misses you.
The black bear claws you but does no damage.
The polar bear misses you.
The polar bear claws you but does no damage. x2
The two-headed ogre hits you with a +0 giant spiked club!!
The two-headed ogre closely misses you. The polar bear barely misses you.
You furiously retaliate!
You headbutt the polar bear.
The polar bear claws you but does no damage.
You block the polar bear's attack.
The black bear bites you but does no damage.
The black bear closely misses you.
The black bear claws you but does no damage.
You feel very mighty all of a sudden.
The ogre hits you with a +0 giant club!!!
You feel threatened and lose the ability to read scrolls!
Ouch! That really hurt!
* * * LOW HITPOINT WARNING * * *
The two-headed ogre barely misses you. You furiously retaliate!
You headbutt the two-headed ogre.
The two-headed ogre hits you with a +0 giant club!!
You die...
Your body disappears without a glow.

... ###.. .... ...
### ..
#########.... #.
#............
#.###...OO.......
#...'....@h....#
#.##..##....h...###
#.....####<##+###
#####.# #... #.#
##### #.# #.# #.#
... #.# ## ..


You could see a two-headed ogre (berserk), a polar bear (berserk), a black bear
(berserk) and an ogre (berserk).

Vanquished Creatures
  Pikel (D:5)
  Sigmund (D:5)
  A water moccasin (D:6)
  Duvessa (D:5)
  A black bear (D:5)
  A sky beast (D:7)
  The ghost of Shym the Chiller, an amateur BaIE (D:4)
  3 centaurs
  3 lemures (D:5)
  A bullfrog (D:7)
  3 necrophages
  Blork the orc (D:5)
  2 scorpions
  Dowan (D:5)
  2 hounds (D:5)
  Crazy Yiuf (D:5)
  3 iguanas
  2 orc wizards
  4 adders
  A shadow imp (D:7)
  2 white imps (D:6)
  2 ufetubi (D:5)
  A worm (D:4)
  4 dart slugs
  13 orcs
  6 endoplasms
  2 giant cockroaches (D:1)
  5 goblins
  7 hobgoblins
  3 quokkas
  8 ball pythons
  7 bats
  2 frilled lizards
  5 kobolds
  8 rats
109 creatures vanquished.

Vanquished Creatures (others)
  A lemure (D:5)
  6 plants (D:3)
7 creatures vanquished.

Grand Total: 116 creatures vanquished

Notes
Turn   | Place    | Note
-------+----------+-------------------------------------------
     0 | D:1      | MewnPig the Minotaur Fighter began the quest for the Orb.
     0 | D:1      | Reached XP level 1. HP: 19/19 MP: 0/0
   106 | D:1      | Reached XP level 2. HP: 25/27 MP: 1/1
   342 | D:1      | Found Cidugoj's Antique Weapon Shop.
   827 | D:2      | Reached XP level 3. HP: 33/33 MP: 2/2
   904 | D:2      | Reached skill level 3 in Maces & Flails
   993 | D:2      | Noticed an eye of devastation
   995 | D:2      | Found a faded altar of an unknown god.
   997 | D:2      | Noticed a floating eye
   998 | D:2      | Noticed a floating eye
   998 | D:2      | Noticed a shining eye
  1174 | D:2      | Gained mutation: You have sharp toenails. [potion of
                  | mutation]
  1174 | D:2      | Gained mutation: You occasionally lose the ability to read
                  | scrolls when taking damage. [potion of mutation]
  1174 | D:2      | Gained mutation: Your spells are a little easier to cast,
                  | but a little less powerful. [potion of mutation]
  1689 | D:2      | Reached XP level 4. HP: 41/41 MP: 3/3
  2874 | D:4      | Noticed a necrophage
  2885 | D:4      | Killed a necrophage
  2886 | D:4      | Reached skill level 4 in Maces & Flails
  2886 | D:4      | Reached XP level 5. HP: 45/47 MP: 4/4
  3132 | D:4      | Found a runed translucent gate.
  3132 | D:4      | Found a runed translucent gate.
  3133 | D:4      | Found a runed translucent gate.
  3134 | D:4      | Noticed Shym's ghost (amateur BaIE)
  3144 | D:4      | Killed Shym's ghost
  3145 | D:4      | Reached skill level 1 in Axes
  3145 | D:4      | Reached skill level 5 in Shields
  3190 | D:4      | Reached XP level 6. HP: 43/53 MP: 5/5
  3580 | D:5      | Entered Level 5 of the Dungeon
  3655 | D:5      | Reached skill level 5 in Armour
  3821 | D:5      | Noticed Blork the orc
  3831 | D:5      | Killed Blork the orc
  3832 | D:5      | Reached skill level 5 in Maces & Flails
  3863 | D:5      | Noticed Pikel
  3884 | D:5      | Killed Pikel
  3885 | D:5      | Reached skill level 5 in Fighting
  3885 | D:5      | Reached skill level 6 in Maces & Flails
  3885 | D:5      | Reached XP level 7. HP: 38/61 MP: 6/6
  4111 | D:5      | Found a runed translucent door.
  4112 | D:5      | Noticed Crazy Yiuf
  4121 | D:5      | Killed Crazy Yiuf
  4198 | D:5      | Noticed Duvessa
  4198 | D:5      | Noticed Dowan
  4203 | D:5      | Killed Duvessa
  4204 | D:5      | Reached XP level 8. HP: 69/69 MP: 7/7
  4220 | D:5      | Killed Dowan
  4288 | D:5      | Found a stormy altar of Qazlal.
  4290 | D:5      | Found a shadowy altar of Dithmenos.
  4292 | D:5      | Found a shimmering altar of Xom.
  4343 | D:5      | Noticed Sigmund
  4345 | D:5      | Identified the +1 ring mail of the Living God {rPois rN+}
  4352 | D:5      | Killed Sigmund
  4353 | D:5      | Reached skill level 7 in Maces & Flails
  4353 | D:5      | Reached skill level 1 in Dodging
  4803 | D:6      | Found a staircase to the Ecumenical Temple.
  4831 | Temple   | Entered the Ecumenical Temple
  4891 | Temple   | Became a worshipper of Trog the Wrathful
  5056 | D:6      | Reached skill level 8 in Maces & Flails
  5555 | D:6      | Found a glowing silver altar of Zin.
  5555 | D:6      | Found a white marble altar of Elyvilon.
  5555 | D:6      | Found a glowing golden altar of the Shining One.
  5923 | D:6      | You fall into a shaft and drop 1 floor!
  6006 | D:7      | Reached XP level 9. HP: 61/75 MP: 8/8
  6078 | D:7      | Found a sparkling altar of Nemelex Xobeh.
  6094 | D:7      | Fell from the grace of Trog
  6094 | D:7      | Became a worshipper of Nemelex Xobeh the Trickster
  6321 | D:7      | Noticed a two-headed ogre
  6321 | D:7      | Noticed a polar bear
  6324 | D:7      | Demolished by a two-headed ogre

Illustrated notes

Levels and vault maps discovered:
D:1:      scummos_arrival_star, layout_loops_ring, serial_shops,
          nicolae_shop_statue_plus
D:2:      minmay_recursive_quarters, layout_basic,
          hellmonk_ecumenical_altar_watching_god, hex_tiny
D:3:      cheibrodos_old_hovel, layout_basic
D:4:      layout_basic, ebering_ghost_rock_garden
D:5:      layout_layer_cave, chequers_temple_overflow_statue_of_worship,
          hangedman_decor_growths, dk_rats_in_the_wall, uniq_pikel,
          uniq_sigmund, uniq_duvessa, uniq_crazy_yiuf_cottage,
          uniq_blork_the_orc
D:6:      layout_basic, good_gods_mini_temple, minmay_temple_entry_tees,
          chequers_serial_rivers_large_a, grunt_decor_one_mirror
D:7:      layout_basic, lemuel_coloured_pillars_altar,
          gammafunk_temple_overflow_wave, nicolae_kite_square_tiling_tiny,
          uniq_menkaure
Temple:   nicolae_temple_cloud_nine

Skill      XL: |  1  2  3  4  5  6  7  8  9 |
---------------+----------------------------+-----
Fighting       | 4 5 6 |  6.0
Shields        | 4 5 6 |  6.8
Armour         | 4 5 6 7 |  7.6
Maces & Flails | 3 4 6 8 |  8.9
Axes           | 1 3 4 |  4.6
Dodging        | 1 |  1.0
Throwing       | |  0.7
Stealth        | |  0.7

Action                   |  1- 3 |  4- 6 |  7- 9 || total
-------------------------+-------+-------+-------++-------
Melee: Flail             |    99 |   105 |    96 ||   300
       Headbutt          |     9 |    24 |    18 ||    51
       Kick              |     3 |    24 |    27 ||    54
Throw: Javelin           |       |     2 |       ||     2
Evoke: Wand              |       |     1 |       ||     1
  Use: Scroll            |     4 |     5 |       ||     9
       Potion            |     1 |       |     1 ||     2
Armor: Scale mail        |    13 |       |       ||    13
       Plate armour      |    48 |    67 |    67 ||   182
Dodge: Dodged            |    34 |    26 |    49 ||   109
Block: Buckler           |    34 |    49 |    43 ||   126

Table legend: (Time is in decaauts)
 A = Elapsed time spent in this place.
 B = Non-inter-level travel time spent in this place.
 C = Inter-level travel time spent in this place.
 D = Time resting spent in this place.
 E = Time spent auto-exploring this place.
 F = Levels seen in this place.
 G = Mean time per level.
                   A        B        C        D        E       F      G
               +--------+--------+--------+--------+--------+-----+--------+
         Total |   6387 |   6387 |      0 |      0 |      0 |   8 |  798.4 |
       Dungeon |   6317 |   6317 |      0 |      0 |      0 |   7 |  902.4 |
        Temple |     70 |     70 |      0 |      0 |      0 |   1 |   70.0 |
               +--------+--------+--------+--------+--------+-----+--------+

Top non-repeatable levels by time:
     D:2: 1300 daAuts
     D:5: 1216 daAuts
     D:6: 1077 daAuts
     D:3: 856 daAuts
     D:1: 752 daAuts
     D:4: 714 daAuts
     D:7: 400 daAuts
  Temple: 70 daAuts
